Kings vs Avalanche
(R2)
Created - 20 mars 2017 at 19:26
Goals
|
| Kings |
0 |
1 |
1 |
2 |
| Avalanche |
2 |
1 |
0 |
3 |
|
Shots
|
| Kings |
9 |
11 |
4 |
24 |
| Avalanche |
7 |
7 |
11 |
25 |
|
1st period
1. Avalanche , Bryan Little 27 (Andrei Kostitsyn) at 8:16 (PP)
2. Avalanche , Marc Staal 3 (Mikkel Boedker, Paul Stastny) at 10:35 (PP)
Penalties :
Daniel Cleary (LAK) for Tripping (Minor) at 3:15, Chuck Kobasew (Col) for Holding (Minor) at 5:32, Drew Miller (LAK) for Tripping (Minor) at 8:10, Chad Larose (LAK) for Hooking (Minor) at 9:12, Mike Comrie (Col) for Tripping (Minor) at 12:56, Andrew Ladd (Col) for Cross-checking (Minor) at 16:08
2nd period
3. Avalanche , Bryan Little 28 (Andrei Kostitsyn, Corey Perry) at 4:52
4. Kings , Andrew Cogliano 27 (Drew Miller, Ryan Whitney) at 6:55
Penalties :
Bryan Little (Col) for Holding (Minor) at 7:30
3rd period
5. Kings , Jordan Eberle 26 (Danny Richmond, Drew Doughty) at 8:17 (PP)
Penalties :
Andrei Kostitsyn (Col) for Interference (Minor) at 1:48, Jordan Nolan (LAK) for Holding (Minor) at 6:09, Shane O'Brien (Col) for High sticking (Minor) at 6:55, Mike Comrie (Col) for Hooking (Minor) at 8:45, Brandon Bollig (LAK) for Tripping (Minor) at 11:08, Tim Connolly (LAK) for Hooking (Minor) at 17:39
Goalie Stats
Jonathan Quick (LAK), 22 saves from 25 shots - (0,880), L, 22-17-7, 60:00 minutes
Semyon Varlamov (Col), 22 saves from 24 shots - (0,917), W, 16-16-2, 60:00 minutes
Players Stats for Kings
Player Name G A P +/- PIM S H SB GA TA FO MP PP MP PK MP
------------------------------------------------------------------------------------
Andrew Cogliano 1 0 1 0 0 3 4 0 0 0 1/2 21:24 5:46 2:32
Anze Kopitar 0 0 0 0 0 1 2 0 0 0 5/17 18:31 6:06 0:00
Boyd Devereaux 0 0 0 0 0 1 1 0 1 1 5/5 8:29 0:00 2:22
Brandon Bollig 0 0 0 0 2 0 0 0 0 0 0/1 6:08 0:00 0:00
Chad Larose 0 0 0 0 2 0 4 0 0 0 1/1 10:20 0:02 3:52
Daniel Cleary 0 0 0 0 2 3 0 0 0 0 0/1 11:23 0:02 1:39
Danny Richmond 0 1 1 0 0 2 1 0 0 0 0/0 22:57 5:09 2:50
Drew Doughty 0 1 1 0 0 4 1 2 2 0 0/0 25:35 7:07 2:50
Drew Miller 0 1 1 0 2 4 4 1 0 0 6/8 22:10 5:55 4:52
Johnny Gaudreau 0 0 0 0 0 0 3 0 0 0 2/5 18:27 6:06 0:58
Jordan Eberle 1 0 1 0 0 2 3 1 2 0 0/0 17:12 6:15 0:00
Jordan Nolan 0 0 0 0 2 0 2 0 1 0 8/13 12:02 0:11 0:09
Ladislav Nagy 0 0 0 0 0 0 3 0 0 0 0/1 9:15 0:00 0:00
Lubomir Visnovsky 0 0 0 0 0 0 2 0 0 0 0/0 13:30 0:00 4:40
Oliver Ekman-Larsson 0 0 0 0 0 1 2 0 1 1 0/0 20:55 4:56 0:42
Ryan O'Byrne 0 0 0 0 0 0 0 0 0 0 0/0 13:40 0:09 4:40
Ryan Whitney 0 1 1 0 0 0 3 2 0 0 0/0 23:23 6:45 0:42
Tim Connolly 0 0 0 0 2 3 3 0 0 0 5/11 15:08 5:46 0:00
Players Stats for Avalanche
Player Name G A P +/- PIM S H SB GA TA FO MP PP MP PK MP
------------------------------------------------------------------------------------
Alexander Radulov 0 0 0 0 0 1 1 0 0 1 2/2 18:54 3:51 4:02
Andrei Kostitsyn 0 2 2 0 2 3 4 0 0 0 0/1 19:49 4:21 2:34
Andrew Ladd 0 0 0 0 2 0 1 0 0 0 0/0 10:37 0:00 2:48
Brandon Yip 0 0 0 0 0 1 2 0 0 0 1/1 10:35 0:00 3:25
Bryan Little 2 0 2 0 2 2 3 2 0 0 11/23 15:37 4:08 0:00
Chuck Kobasew 0 0 0 0 2 0 4 0 0 0 0/1 13:54 0:00 5:04
Corey Perry 0 1 1 0 0 7 0 0 0 1 3/4 16:59 4:21 0:00
David Krejci 0 0 0 0 0 2 1 1 0 0 2/5 11:07 0:55 1:37
Jack Johnson 0 0 0 0 0 0 4 2 0 0 0/0 26:51 5:47 6:46
Jay Bouwmeester 0 0 0 0 0 2 0 1 0 1 0/0 18:49 5:47 0:00
Johnny Boychuk 0 0 0 0 0 0 0 2 1 0 0/0 17:33 0:34 5:11
Marc Staal 1 0 1 0 0 2 4 0 0 1 0/0 23:38 1:51 6:52
Mike Comrie 0 0 0 0 4 3 2 1 0 0 13/25 15:51 0:00 4:28
Mikkel Boedker 0 1 1 0 0 2 3 1 1 1 0/0 14:32 3:48 0:00
Paul Stastny 0 1 1 0 0 0 1 0 0 1 0/3 10:13 3:09 0:00
Richard Jackman 0 0 0 0 0 0 0 1 0 0 0/0 12:16 0:34 0:06
Ryan Smyth 0 0 0 0 0 0 1 0 0 0 0/0 8:30 0:03 0:08
Shane O'Brien 0 0 0 0 2 0 3 0 0 1 0/0 20:52 1:50 5:11
3 Stars
1 - Bryan Little (Col)
2 - Marc Staal (Col)
3 - Andrew Cogliano (LAK)
Power Play
Kings - 1 on 7 Attempt(s) - 14,29%
Avalanche - 2 on 6 Attempt(s) - 33,33%
Penalty Kill
Kings - 4 on 6 Attempt(s) - 66,67%
- Score 0 goal in Penalty Kill
Avalanche - 6 on 7 Attempt(s) - 85,71%
- Score 0 goal in Penalty Kill
Team Stat
Kings - Hits : 38 - Faceoff Wins : 33 - Blocked Shots : 6 - Penalty Minutes : 12
Avalanche - Hits : 34 - Faceoff Wins : 32 - Blocked Shots : 11 - Penalty Minutes : 14
Official
Referees : L'Ecuyer Frederick and Hebert Ghislain
Linesman : Andy McElman and Mike Cvik
Game Notes
No Game Note
Finance
Level 1 -- Attendance: 5971 (99,52%) -- Ticket Income 501 564 $
Level 2 -- Attendance: 5000 (100,00%) -- Ticket Income 250 000 $
Level 3 -- Attendance: 2000 (100,00%) -- Ticket Income 56 000 $
Level 4 -- Attendance: 3779 (94,48%) -- Ticket Income 68 022 $
Luxury Box -- Attendance: 739 (73,90%) -- Ticket Income 123 413 $
Game was played at the Pepsi Center.
Total Attendance: 17489 (97,16%)
Total Ticket Income: 998 999 $
Other Income: 149 850 $
Total Income: 1 148 849 $
Kings
5 vs 5 Forward
Center Left Wing Right Wing Time % Phy DF OF
1 Anze Kopitar Johnny Gaudreau Jordan Eberle 35 1 2 2
2 Jordan Nolan Drew Miller Andrew Cogliano 35 1 2 2
3 Tim Connolly Ladislav Nagy Daniel Cleary 25 1 2 2
4 Boyd Devereaux Brandon Bollig Chad Larose 5 1 2 2
5 vs 5 Defense
Defense Defense Time % Phy DF OF
1 Drew Doughty Danny Richmond 40 0 3 2
2 Ryan Whitney Oliver Ekman-Larsson 40 1 2 2
3 Lubomir Visnovsky Ryan O'Byrne 20 1 2 2
4 Drew Doughty Oliver Ekman-Larsson 0 1 3 1
PowerPlay Forward
Center Left Wing Right Wing Time % Phy DF OF
1 Johnny Gaudreau Anze Kopitar Jordan Eberle 60 0 1 4
2 Tim Connolly Drew Miller Andrew Cogliano 40 0 1 4
PowerPlay Defense
Defense Defense Time % Phy DF OF
1 Drew Doughty Ryan Whitney 60 0 2 3
2 Oliver Ekman-Larsson Danny Richmond 40 0 2 3
Penalty Kill 4 Players Forward
Center Wing Time % Phy DF OF
1 Drew Miller Chad Larose 60 1 2 2
2 Boyd Devereaux Daniel Cleary 40 1 2 2
Penalty Kill 4 Players Defense
Defense Defense Time % Phy DF OF
1 Lubomir Visnovsky Ryan O'Byrne 60 1 4 0
2 Danny Richmond Drew Doughty 40 1 4 0
Penalty Kill - 3 Players Forward
Forward Time % Phy DF OF
1 Anze Kopitar 60 1 4 0
2 Jordan Eberle 40 1 4 0
Penalty Kill - 3 Players Defense
Defense Defense Time % Phy DF OF
1 Ryan O'Byrne Lubomir Visnovsky 60 1 4 0
2 Danny Richmond Drew Doughty 40 1 4 0
4 vs 4 Forward
Center Wing Time % Phy DF OF
1 Anze Kopitar Andrew Cogliano 60 1 2 2
2 Jordan Eberle Drew Miller 40 1 2 2
4 vs 4 Defense
Defense Defense Time % Phy DF OF
1 Danny Richmond Drew Doughty 60 0 3 2
2 Oliver Ekman-Larsson Ryan O'Byrne 40 0 3 2
Last Minutes Offensive
Center Left Wing Right Wing Defense Defense
Anze Kopitar Drew Miller Jordan Eberle Drew Doughty Danny Richmond
Last Minutes Defensive
Center Left Wing Right Wing Defense Defense
Anze Kopitar Drew Miller Chad Larose Ryan O'Byrne Lubomir Visnovsky
Goaltenders
Starting : Jonathan Quick
Backup : Evgeni Nabokov
Extra Forwards
Normal : Anze Kopitar, Jordan Eberle, Drew Miller - PP : Daniel Cleary, Chad Larose - PK : Andrew Cogliano
Extra Defensemen
Normal : Drew Doughty, Oliver Ekman-Larsson, Ryan O'Byrne - PP : Ryan Whitney - PK : Oliver Ekman-Larsson, Ryan Whitney
Penalty Shots
Anze Kopitar, Jordan Eberle, Andrew Cogliano, Boyd Devereaux, Tim Connolly
Avalanche
5 vs 5 Forward
Center Left Wing Right Wing Time % Phy DF OF
1 Bryan Little Andrei Kostitsyn Corey Perry 35 1 2 2
2 Mike Comrie Mikkel Boedker Alexander Radulov 35 1 2 2
3 Paul Stastny Andrew Ladd Brandon Yip 15 1 2 2
4 David Krejci Ryan Smyth Chuck Kobasew 15 1 2 2
5 vs 5 Defense
Defense Defense Time % Phy DF OF
1 Jack Johnson Jay Bouwmeester 35 1 2 2
2 Shane O'Brien Marc Staal 35 1 2 2
3 Johnny Boychuk Richard Jackman 30 1 2 2
4 Jack Johnson Marc Staal 0 1 2 2
PowerPlay Forward
Center Left Wing Right Wing Time % Phy DF OF
1 Bryan Little Andrei Kostitsyn Corey Perry 60 1 2 2
2 Paul Stastny Mikkel Boedker Alexander Radulov 40 1 2 2
PowerPlay Defense
Defense Defense Time % Phy DF OF
1 Jack Johnson Jay Bouwmeester 60 1 2 2
2 Shane O'Brien Marc Staal 40 1 2 2
Penalty Kill 4 Players Forward
Center Wing Time % Phy DF OF
1 Mike Comrie Chuck Kobasew 60 1 2 2
2 Brandon Yip Andrew Ladd 40 1 2 2
Penalty Kill 4 Players Defense
Defense Defense Time % Phy DF OF
1 Jack Johnson Marc Staal 60 1 2 2
2 Shane O'Brien Johnny Boychuk 40 1 2 2
Penalty Kill - 3 Players Forward
Forward Time % Phy DF OF
1 Corey Perry 60 1 2 2
2 Andrei Kostitsyn 40 1 2 2
Penalty Kill - 3 Players Defense
Defense Defense Time % Phy DF OF
1 Jack Johnson Marc Staal 60 1 2 2
2 Shane O'Brien Jay Bouwmeester 40 1 2 2
4 vs 4 Forward
Center Wing Time % Phy DF OF
1 Corey Perry Andrei Kostitsyn 60 1 2 2
2 Bryan Little Mikkel Boedker 40 1 2 2
4 vs 4 Defense
Defense Defense Time % Phy DF OF
1 Jack Johnson Marc Staal 60 1 2 2
2 Shane O'Brien Jay Bouwmeester 40 1 2 2
Last Minutes Offensive
Center Left Wing Right Wing Defense Defense
Bryan Little Andrei Kostitsyn Corey Perry Jack Johnson Jay Bouwmeester
Last Minutes Defensive
Center Left Wing Right Wing Defense Defense
Mike Comrie Andrew Ladd Chuck Kobasew Jack Johnson Marc Staal
Goaltenders
Starting : Semyon Varlamov
Backup : Dan Ellis
Extra Forwards
Normal : Andrew Ladd, Paul Stastny, Alexander Radulov - PP : Andrew Ladd, Paul Stastny - PK : Alexander Radulov
Extra Defensemen
Normal : Johnny Boychuk, Richard Jackman, Shane O'Brien - PP : Johnny Boychuk - PK : Richard Jackman, Shane O'Brien
Penalty Shots
Corey Perry, Andrei Kostitsyn, Bryan Little, Mikkel Boedker, Mike Comrie
% Time on Ice - Kings
Lines # - Real PCT - Wanted PCT - Time Play
Normal Forward
1 - 31% - 35% - 11:47
2 - 30% - 35% - 11:27
3 - 24% - 25% - 9:15
4 - 16% - 5% - 6:03
Normal Defense
1 - 37% - 40% - 14:15
2 - 41% - 40% - 15:37
3 - 22% - 20% - 8:40
4 - 0% - 0% - 0:00
PP Forward
1 - 51% - 60% - 6:08
2 - 49% - 40% - 5:55
PP Defense
1 - 59% - 60% - 7:07
2 - 41% - 40% - 4:56
PK Forward
1 - 71% - 60% - 5:50
2 - 29% - 40% - 2:22
PK Defense
1 - 64% - 60% - 5:13
2 - 36% - 40% - 2:59
PK3 Forward
1 - 0% - 60%
2 - 0% - 40%
PK3 Defense
1 - 0% - 60%
2 - 0% - 40%
44 Forward
1 - 99% - 60% - 1:12
2 - 1% - 40% - 0:01
44 Defense
1 - 99% - 60% - 1:12
2 - 1% - 40% - 0:01
Last Minute Offensive - 0:00
Last Minute Defensive - 0:00
Total
Forward - 60:00
Defense - 60:00
|
% Time on Ice - Avalanche
Lines # - Real PCT - Wanted PCT - Time Play
Normal Forward
1 - 32% - 35% - 12:02
2 - 28% - 35% - 10:52
3 - 18% - 15% - 7:02
4 - 22% - 15% - 8:16
Normal Defense
1 - 34% - 35% - 13:00
2 - 36% - 35% - 13:51
3 - 30% - 30% - 11:21
4 - 0% - 0% - 0:00
PP Forward
1 - 54% - 60% - 4:24
2 - 46% - 40% - 3:48
PP Defense
1 - 71% - 60% - 5:47
2 - 29% - 40% - 2:25
PK Forward
1 - 72% - 60% - 8:38
2 - 28% - 40% - 3:25
PK Defense
1 - 57% - 60% - 6:52
2 - 43% - 40% - 5:11
PK3 Forward
1 - 0% - 60%
2 - 0% - 40%
PK3 Defense
1 - 0% - 60%
2 - 0% - 40%
44 Forward
1 - 100% - 60% - 1:13
2 - 0% - 40% - 0:00
44 Defense
1 - 100% - 60% - 1:13
2 - 0% - 40% - 0:00
Last Minute Offensive - 0:00
Last Minute Defensive - 0:20
Total
Forward - 60:00
Defense - 60:00
|
Play by Play
1st period
0:01 of 1st period - Bryan Little wins face-off versus Anze Kopitar in neutral zone.
0:06 of 1st period - Slapshot by Andrei Kostitsyn.
0:06 of 1st period - Stopped by Jonathan Quick with a rebound.
1:08 of 1st period - Drew Doughty is hit by Brandon Yip and loses puck.
2:28 of 1st period - Snap shot by Paul Stastny.
2:28 of 1st period - Shot Misses the Net.
2:46 of 1st period - Wrist shot by Brandon Yip.
2:46 of 1st period - Deflect By Paul Stastny.
2:46 of 1st period - Shot Misses the Net.
2:46 of 1st period - Puck is out of play.
2:47 of 1st period - Jordan Nolan wins face-off versus Mike Comrie in Kings zone.
3:15 of 1st period - Minor Penalty to Daniel Cleary for Tripping.
3:16 of 1st period - Drew Miller wins face-off versus Bryan Little in Kings zone.
5:01 of 1st period - Icing by Corey Perry.
5:02 of 1st period - Boyd Devereaux wins face-off versus David Krejci in Avalanche zone.
5:15 of 1st period - Penalty to Daniel Cleary is over, Daniel Cleary is back on ice.
5:18 of 1st period - Off-side.
5:19 of 1st period - David Krejci wins face-off versus Tim Connolly in neutral zone.
5:30 of 1st period - Wrist shot by Tim Connolly.
5:30 of 1st period - Shot Blocked by Johnny Boychuk.
5:32 of 1st period - Minor Penalty to Chuck Kobasew for Holding.
5:33 of 1st period - Tim Connolly wins face-off versus Mike Comrie in Avalanche zone.
5:36 of 1st period - Wrist shot by Tim Connolly.
5:36 of 1st period - Stopped by Semyon Varlamov without a rebound.
5:37 of 1st period - Mike Comrie wins face-off versus Tim Connolly in Avalanche zone.
5:46 of 1st period - Snap shot by Drew Miller.
5:46 of 1st period - Shot Blocked by Mike Comrie.
5:48 of 1st period - Snap shot by Drew Miller.
5:48 of 1st period - Stopped by Semyon Varlamov without a rebound.
5:49 of 1st period - Johnny Gaudreau wins face-off versus Mike Comrie in Avalanche zone.
6:04 of 1st period - Slapshot by Drew Doughty.
6:04 of 1st period - Stopped by Semyon Varlamov with a rebound.
6:30 of 1st period - Snap shot by Andrew Cogliano.
6:30 of 1st period - Stopped by Semyon Varlamov without a rebound.
6:31 of 1st period - Brandon Yip wins face-off versus Tim Connolly in Avalanche zone.
7:32 of 1st period - Penalty to Chuck Kobasew is over, Chuck Kobasew is back on ice.
7:45 of 1st period - Wrist shot by Daniel Cleary.
7:45 of 1st period - Stopped by Semyon Varlamov without a rebound.
7:46 of 1st period - Tim Connolly wins face-off versus Bryan Little in Avalanche zone.
8:10 of 1st period - Minor Penalty to Drew Miller for Tripping.
8:11 of 1st period - Bryan Little wins face-off versus Andrew Cogliano in Kings zone.
8:16 of 1st period - Snap shot by Bryan Little.
8:16 of 1st period - Goal by Bryan Little - Kings : 0 - Avalanche : 1.
8:17 of 1st period - Mike Comrie wins face-off versus Jordan Nolan in neutral zone.
8:34 of 1st period - Snap shot by Mike Comrie.
8:34 of 1st period - Shot Misses the Net.
8:44 of 1st period - Bryan Little is hit by Ladislav Nagy.
8:48 of 1st period - Slapshot by Jack Johnson.
8:48 of 1st period - Deflect By Corey Perry.
8:48 of 1st period - Stopped by Jonathan Quick with a rebound.
8:56 of 1st period - Wrist shot by Ryan Whitney.
8:56 of 1st period - Shot Blocked by Bryan Little.
9:03 of 1st period - Icing by Johnny Boychuk.
9:04 of 1st period - Boyd Devereaux wins face-off versus David Krejci in Avalanche zone.
9:12 of 1st period - Minor Penalty to Chad Larose for Hooking.
9:13 of 1st period - Drew Miller wins face-off versus Bryan Little in Kings zone.
9:40 of 1st period - Alexander Radulov is hit by Drew Miller and loses puck.
9:52 of 1st period - Icing by Jack Johnson.
9:53 of 1st period - Boyd Devereaux wins face-off versus Paul Stastny in Avalanche zone.
10:20 of 1st period - Jack Johnson is hit by Drew Miller and loses puck.
10:31 of 1st period - Snap shot by Mikkel Boedker.
10:31 of 1st period - Shot Blocked by Drew Doughty.
10:33 of 1st period - Wrist shot by Marc Staal.
10:33 of 1st period - Shot Misses the Net.
10:35 of 1st period - Slapshot by Marc Staal.
10:35 of 1st period - Deflect By Drew Doughty.
10:35 of 1st period - Goal by Marc Staal - Kings : 0 - Avalanche : 2.
10:36 of 1st period - Tim Connolly wins face-off versus Bryan Little in neutral zone.
10:49 of 1st period - Snap shot by Daniel Cleary.
10:49 of 1st period - Stopped by Semyon Varlamov with a rebound.
10:51 of 1st period - Wrist shot by Ryan Whitney.
10:51 of 1st period - Shot Blocked by Richard Jackman.
11:47 of 1st period - Slapshot by Drew Doughty.
11:47 of 1st period - Shot Blocked by Jay Bouwmeester.
11:49 of 1st period - Slapshot by Danny Richmond.
11:49 of 1st period - Stopped by Semyon Varlamov with a rebound.
11:55 of 1st period - Wrist shot by Anze Kopitar.
11:55 of 1st period - Shot Blocked by Jack Johnson.
12:11 of 1st period - Wrist shot by Corey Perry.
12:11 of 1st period - Shot Blocked by Ryan Whitney.
12:56 of 1st period - Minor Penalty to Mike Comrie for Tripping.
12:57 of 1st period - Alexander Radulov wins face-off versus Johnny Gaudreau in Avalanche zone.
13:15 of 1st period - Shane O'Brien is hit by Ryan Whitney.
13:33 of 1st period - Shane O'Brien is hit by Tim Connolly and loses puck.
14:08 of 1st period - Brandon Yip is hit by Andrew Cogliano and loses puck.
14:39 of 1st period - Johnny Boychuk is hit by Jordan Eberle and loses puck.
14:56 of 1st period - Penalty to Mike Comrie is over, Mike Comrie is back on ice.
14:58 of 1st period - Wrist shot by Mike Comrie.
14:58 of 1st period - Deflect By Brandon Yip.
14:58 of 1st period - Shot Misses the Net.
14:58 of 1st period - Puck is out of play.
14:59 of 1st period - Chad Larose wins face-off versus Mike Comrie in Kings zone.
15:10 of 1st period - Daniel Cleary is hit by Mikkel Boedker and loses puck.
15:25 of 1st period - Andrei Kostitsyn is hit by Chad Larose and loses puck.
15:45 of 1st period - Chuck Kobasew is hit by Tim Connolly and loses puck.
15:56 of 1st period - Slapshot by Jack Johnson.
15:56 of 1st period - Deflect By Brandon Yip.
15:56 of 1st period - Stopped by Jonathan Quick without a rebound.
15:57 of 1st period - Jordan Nolan wins face-off versus Paul Stastny in Kings zone.
15:57 of 1st period - Jordan Nolan is hit by Brandon Yip.
16:08 of 1st period - Minor Penalty to Andrew Ladd for Cross-checking.
16:09 of 1st period - Mike Comrie wins face-off versus Anze Kopitar in Avalanche zone.
16:35 of 1st period - Jack Johnson is hit by Drew Miller and loses puck.
17:10 of 1st period - Mike Comrie is hit by Anze Kopitar and loses puck.
17:29 of 1st period - Snap shot by Alexander Radulov.
17:29 of 1st period - Stopped by Jonathan Quick with a rebound.
17:51 of 1st period - Marc Staal is hit by Jordan Eberle and loses puck.
18:08 of 1st period - Penalty to Andrew Ladd is over, Andrew Ladd is back on ice.
18:14 of 1st period - Bryan Little is hit by Chad Larose and loses puck.
18:35 of 1st period - Lubomir Visnovsky is hit by Mike Comrie and loses puck.
18:51 of 1st period - Off-side.
18:52 of 1st period - Boyd Devereaux wins face-off versus Paul Stastny in neutral zone.
18:59 of 1st period - Snap shot by Boyd Devereaux.
18:59 of 1st period - Stopped by Semyon Varlamov without a rebound.
19:00 of 1st period - Bryan Little wins face-off versus Jordan Nolan in Avalanche zone.
19:10 of 1st period - Off-side.
19:11 of 1st period - Jordan Nolan wins face-off versus Mike Comrie in neutral zone.
19:20 of 1st period - Wrist shot by Mikkel Boedker.
19:20 of 1st period - Stopped by Jonathan Quick without a rebound.
19:21 of 1st period - Jordan Nolan wins face-off versus Mike Comrie in Kings zone.
19:25 of 1st period - Off-side.
19:26 of 1st period - Mike Comrie wins face-off versus Jordan Nolan in neutral zone.
19:29 of 1st period - Slapshot by Marc Staal.
19:29 of 1st period - Shot Misses the Net.
19:45 of 1st period - Alexander Radulov is hit by Andrew Cogliano and loses puck.
19:56 of 1st period - Snap shot by Tim Connolly.
19:56 of 1st period - Stopped by Semyon Varlamov with a rebound.
Goals for this period are 0 for Kings vs 2 for Avalanche.
Shots for this period are 9 for Kings vs 7 for Avalanche.
2nd period
0:01 of 2nd period - Mike Comrie wins face-off versus Jordan Nolan in neutral zone.
0:03 of 2nd period - Richard Jackman is hit by Oliver Ekman-Larsson and loses puck.
0:16 of 2nd period - Johnny Boychuk is hit by Ryan Whitney and loses puck.
0:33 of 2nd period - Snap shot by Tim Connolly.
0:33 of 2nd period - Deflect By Ladislav Nagy.
0:33 of 2nd period - Shot Misses the Net.
0:33 of 2nd period - Puck is out of play.
0:34 of 2nd period - Tim Connolly wins face-off versus Bryan Little in Avalanche zone.
0:35 of 2nd period - Wrist shot by Drew Doughty.
0:35 of 2nd period - Stopped by Semyon Varlamov without a rebound.
0:36 of 2nd period - Bryan Little wins face-off versus Tim Connolly in Avalanche zone.
0:44 of 2nd period - Icing by Danny Richmond.
0:45 of 2nd period - Bryan Little wins face-off versus Daniel Cleary in Kings zone.
0:52 of 2nd period - Snap shot by Andrei Kostitsyn.
0:52 of 2nd period - Shot Misses the Net.
1:00 of 2nd period - Slapshot by Tim Connolly.
1:00 of 2nd period - Stopped by Semyon Varlamov without a rebound.
1:01 of 2nd period - Drew Miller wins face-off versus Mike Comrie in Avalanche zone.
1:18 of 2nd period - Wrist shot by Mikkel Boedker.
1:18 of 2nd period - Shot Blocked by Drew Miller.
1:28 of 2nd period - Anze Kopitar is hit by Andrei Kostitsyn and loses puck.
2:30 of 2nd period - Drew Doughty is hit by Shane O'Brien.
3:25 of 2nd period - Off-side.
3:26 of 2nd period - Tim Connolly wins face-off versus Chuck Kobasew in neutral zone.
3:29 of 2nd period - Chuck Kobasew is hit by Tim Connolly and loses puck.
3:34 of 2nd period - Wrist shot by Tim Connolly.
3:34 of 2nd period - Shot Misses the Net.
3:36 of 2nd period - Slapshot by Daniel Cleary.
3:36 of 2nd period - Shot Blocked by David Krejci.
3:38 of 2nd period - Snap shot by Oliver Ekman-Larsson.
3:38 of 2nd period - Stopped by Semyon Varlamov without a rebound.
3:39 of 2nd period - Bryan Little wins face-off versus Jordan Nolan in Avalanche zone.
3:44 of 2nd period - Wrist shot by Andrei Kostitsyn.
3:44 of 2nd period - Stopped by Jonathan Quick without a rebound.
3:45 of 2nd period - Jordan Nolan wins face-off versus Andrei Kostitsyn in Kings zone.
3:45 of 2nd period - Jordan Nolan is hit by Jack Johnson.
3:57 of 2nd period - Snap shot by Andrew Cogliano.
3:57 of 2nd period - Shot Blocked by Jack Johnson.
4:03 of 2nd period - Jordan Nolan is hit by Bryan Little and loses puck.
4:50 of 2nd period - Snap shot by Corey Perry.
4:50 of 2nd period - Stopped by Jonathan Quick with a rebound.
4:52 of 2nd period - Snap shot by Andrei Kostitsyn.
4:52 of 2nd period - Deflect By Bryan Little.
4:52 of 2nd period - Deflect By Oliver Ekman-Larsson.
4:52 of 2nd period - Goal by Bryan Little - Kings : 0 - Avalanche : 3.
4:53 of 2nd period - Mike Comrie wins face-off versus Anze Kopitar in neutral zone.
4:58 of 2nd period - Snap shot by Alexander Radulov.
4:58 of 2nd period - Deflect By Mike Comrie.
4:58 of 2nd period - Shot Blocked by Drew Doughty.
4:58 of 2nd period - Puck is out of play.
4:59 of 2nd period - Mike Comrie wins face-off versus Anze Kopitar in Kings zone.
5:31 of 2nd period - Wrist shot by Mikkel Boedker.
5:31 of 2nd period - Stopped by Jonathan Quick with a rebound.
5:33 of 2nd period - Slapshot by Johnny Boychuk.
5:33 of 2nd period - Shot Misses the Net.
5:41 of 2nd period - Slapshot by Drew Doughty.
5:41 of 2nd period - Stopped by Semyon Varlamov without a rebound.
5:42 of 2nd period - Drew Miller wins face-off versus Bryan Little in Avalanche zone.
5:51 of 2nd period - Wrist shot by Drew Miller.
5:51 of 2nd period - Stopped by Semyon Varlamov with a rebound.
5:53 of 2nd period - Snap shot by Drew Miller.
5:53 of 2nd period - Stopped by Semyon Varlamov with a rebound.
5:55 of 2nd period - Backhand shot by Jordan Nolan.
5:55 of 2nd period - Shot Blocked by Bryan Little.
5:57 of 2nd period - Snap shot by Oliver Ekman-Larsson.
5:57 of 2nd period - Shot Misses the Net.
6:14 of 2nd period - Snap shot by Chuck Kobasew.
6:14 of 2nd period - Shot Misses the Net.
6:16 of 2nd period - Slapshot by Chuck Kobasew.
6:16 of 2nd period - Shot Misses the Net.
6:31 of 2nd period - Paul Stastny is hit by Lubomir Visnovsky and loses puck.
6:36 of 2nd period - Wrist shot by Chad Larose.
6:36 of 2nd period - Shot Misses the Net.
6:55 of 2nd period - Snap shot by Drew Miller.
6:55 of 2nd period - Deflect By Andrew Cogliano.
6:55 of 2nd period - Goal by Andrew Cogliano - Kings : 1 - Avalanche : 3.
6:56 of 2nd period - Mike Comrie wins face-off versus Anze Kopitar in neutral zone.
6:58 of 2nd period - Marc Staal is hit by Johnny Gaudreau and loses puck.
7:27 of 2nd period - Ryan Whitney is hit by Marc Staal and loses puck.
7:30 of 2nd period - Minor Penalty to Bryan Little for Holding.
7:31 of 2nd period - Mike Comrie wins face-off versus Johnny Gaudreau in Avalanche zone.
8:54 of 2nd period - Drew Miller is hit by Shane O'Brien and loses puck.
9:13 of 2nd period - Ryan Whitney is hit by Marc Staal and loses puck.
9:30 of 2nd period - Penalty to Bryan Little is over, Bryan Little is back on ice.
9:40 of 2nd period - Brandon Bollig is hit by Andrei Kostitsyn and loses puck.
9:45 of 2nd period - Wrist shot by Corey Perry.
9:45 of 2nd period - Shot Misses the Net.
10:01 of 2nd period - Anze Kopitar is hit by Chuck Kobasew and loses puck.
10:44 of 2nd period - Snap shot by Corey Perry.
10:44 of 2nd period - Stopped by Jonathan Quick without a rebound.
10:45 of 2nd period - Jordan Nolan wins face-off versus Bryan Little in Kings zone.
11:02 of 2nd period - Marc Staal is hit by Chad Larose and loses puck.
11:52 of 2nd period - Slapshot by David Krejci.
11:52 of 2nd period - Stopped by Jonathan Quick without a rebound.
11:53 of 2nd period - Jordan Nolan wins face-off versus David Krejci in Kings zone.
12:02 of 2nd period - Wrist shot by David Krejci.
12:02 of 2nd period - Shot Misses the Net.
12:04 of 2nd period - Snap shot by Ryan Smyth.
12:04 of 2nd period - Shot Blocked by Ryan Whitney.
12:06 of 2nd period - Slapshot by Ryan Smyth.
12:06 of 2nd period - Deflect By David Krejci.
12:06 of 2nd period - Stopped by Jonathan Quick without a rebound.
12:07 of 2nd period - Jordan Nolan wins face-off versus Mike Comrie in Kings zone.
12:07 of 2nd period - Jordan Nolan is hit by Mike Comrie.
12:33 of 2nd period - Drew Doughty is hit by Chuck Kobasew and loses puck.
12:42 of 2nd period - David Krejci is hit by Drew Miller and loses puck.
12:51 of 2nd period - Snap shot by Jordan Nolan.
12:51 of 2nd period - Deflect By Andrew Cogliano.
12:51 of 2nd period - Stopped by Semyon Varlamov with a rebound.
12:55 of 2nd period - Slapshot by Drew Miller.
12:55 of 2nd period - Stopped by Semyon Varlamov without a rebound.
12:56 of 2nd period - Mike Comrie wins face-off versus Anze Kopitar in Avalanche zone.
13:03 of 2nd period - Wrist shot by Mike Comrie.
13:03 of 2nd period - Shot Misses the Net.
13:07 of 2nd period - Wrist shot by Mikkel Boedker.
13:07 of 2nd period - Shot Blocked by Jordan Eberle.
13:09 of 2nd period - Slapshot by Alexander Radulov.
13:09 of 2nd period - Deflect By Mikkel Boedker.
13:09 of 2nd period - Shot Misses the Net.
13:09 of 2nd period - Puck is out of play.
13:10 of 2nd period - Bryan Little wins face-off versus Anze Kopitar in Kings zone.
13:23 of 2nd period - Slapshot by Anze Kopitar.
13:23 of 2nd period - Shot Misses the Net.
13:25 of 2nd period - Slapshot by Jordan Eberle.
13:25 of 2nd period - Stopped by Semyon Varlamov without a rebound.
13:26 of 2nd period - Andrew Cogliano wins face-off versus Mike Comrie in Avalanche zone.
13:45 of 2nd period - Mikkel Boedker is hit by Ryan Whitney and loses puck.
14:04 of 2nd period - Slapshot by Corey Perry.
14:04 of 2nd period - Shot Misses the Net.
14:57 of 2nd period - Icing by Chuck Kobasew.
14:58 of 2nd period - Boyd Devereaux wins face-off versus Mike Comrie in Avalanche zone.
15:13 of 2nd period - Lubomir Visnovsky is hit by Mikkel Boedker and loses puck.
15:24 of 2nd period - Bryan Little is hit by Johnny Gaudreau and loses puck.
15:33 of 2nd period - Wrist shot by Anze Kopitar.
15:33 of 2nd period - Stopped by Semyon Varlamov without a rebound.
15:34 of 2nd period - Mike Comrie wins face-off versus Anze Kopitar in Avalanche zone.
17:12 of 2nd period - Chuck Kobasew is hit by Chad Larose and loses puck.
18:11 of 2nd period - Snap shot by Mike Comrie.
18:11 of 2nd period - Shot Misses the Net.
18:21 of 2nd period - Shane O'Brien is hit by Jordan Nolan.
18:31 of 2nd period - Marc Staal is hit by Lubomir Visnovsky and loses puck.
19:02 of 2nd period - Danny Richmond is hit by Marc Staal and loses puck.
19:11 of 2nd period - Richard Jackman is hit by Ladislav Nagy and loses puck.
19:49 of 2nd period - Wrist shot by David Krejci.
19:49 of 2nd period - Shot Misses the Net.
19:55 of 2nd period - Lubomir Visnovsky is hit by David Krejci and loses puck.
Goals for this period are 1 for Kings vs 1 for Avalanche.
Shots for this period are 11 for Kings vs 7 for Avalanche.
3rd period
0:01 of 3rd period - Anze Kopitar wins face-off versus Bryan Little in neutral zone.
0:30 of 3rd period - Mike Comrie is hit by Jordan Nolan and loses puck.
1:17 of 3rd period - Slapshot by Corey Perry.
1:17 of 3rd period - Stopped by Jonathan Quick with a rebound.
1:19 of 3rd period - Slapshot by Jay Bouwmeester.
1:19 of 3rd period - Stopped by Jonathan Quick without a rebound.
1:20 of 3rd period - Anze Kopitar wins face-off versus Bryan Little in Kings zone.
1:20 of 3rd period - Anze Kopitar is hit by Jack Johnson.
1:41 of 3rd period - Snap shot by Bryan Little.
1:41 of 3rd period - Shot Misses the Net.
1:48 of 3rd period - Minor Penalty to Andrei Kostitsyn for Interference.
1:49 of 3rd period - Johnny Gaudreau wins face-off versus Mike Comrie in Avalanche zone.
2:24 of 3rd period - Snap shot by Tim Connolly.
2:24 of 3rd period - Shot Misses the Net.
3:14 of 3rd period - Drew Doughty is hit by Marc Staal and loses puck.
3:43 of 3rd period - Johnny Gaudreau is hit by Alexander Radulov and loses puck.
3:48 of 3rd period - Penalty to Andrei Kostitsyn is over, Andrei Kostitsyn is back on ice.
3:56 of 3rd period - Richard Jackman is hit by Boyd Devereaux and loses puck.
4:26 of 3rd period - Lubomir Visnovsky is hit by Ryan Smyth and loses puck.
4:41 of 3rd period - Boyd Devereaux is hit by Jack Johnson and loses puck.
4:54 of 3rd period - Brandon Bollig is hit by Andrei Kostitsyn and loses puck.
4:59 of 3rd period - Wrist shot by Corey Perry.
4:59 of 3rd period - Stopped by Jonathan Quick with a rebound.
5:09 of 3rd period - Tim Connolly is hit by Andrew Ladd and loses puck.
5:26 of 3rd period - Snap shot by Jordan Eberle.
5:26 of 3rd period - Deflect By Anze Kopitar.
5:26 of 3rd period - Shot Misses the Net.
5:26 of 3rd period - Puck is out of play.
5:27 of 3rd period - Anze Kopitar wins face-off versus Bryan Little in Avalanche zone.
5:59 of 3rd period - Slapshot by Johnny Boychuk.
5:59 of 3rd period - Shot Misses the Net.
6:09 of 3rd period - Minor Penalty to Jordan Nolan for Holding.
6:10 of 3rd period - Drew Miller wins face-off versus Bryan Little in Kings zone.
6:53 of 3rd period - Snap shot by Daniel Cleary.
6:53 of 3rd period - Stopped by Semyon Varlamov with a rebound.
6:55 of 3rd period - Minor Penalty to Shane O'Brien for High sticking.
6:56 of 3rd period - Corey Perry wins face-off versus Anze Kopitar in Avalanche zone.
6:56 of 3rd period - Corey Perry is hit by Andrew Cogliano.
7:08 of 3rd period - Snap shot by Corey Perry.
7:08 of 3rd period - Deflect By Andrei Kostitsyn.
7:08 of 3rd period - Stopped by Jonathan Quick without a rebound.
7:09 of 3rd period - Corey Perry wins face-off versus Anze Kopitar in Kings zone.
7:16 of 3rd period - Snap shot by Corey Perry.
7:16 of 3rd period - Shot Misses the Net.
7:18 of 3rd period - Wrist shot by Corey Perry.
7:18 of 3rd period - Stopped by Jonathan Quick without a rebound.
7:19 of 3rd period - Anze Kopitar wins face-off versus Corey Perry in Kings zone.
7:35 of 3rd period - Snap shot by Andrei Kostitsyn.
7:35 of 3rd period - Shot Misses the Net.
7:37 of 3rd period - Wrist shot by Corey Perry.
7:37 of 3rd period - Shot Misses the Net.
7:39 of 3rd period - Slapshot by Corey Perry.
7:39 of 3rd period - Stopped by Jonathan Quick with a rebound.
7:41 of 3rd period - Slapshot by Marc Staal.
7:41 of 3rd period - Stopped by Jonathan Quick without a rebound.
7:42 of 3rd period - Corey Perry wins face-off versus Anze Kopitar in Kings zone.
8:09 of 3rd period - Penalty to Jordan Nolan is over, Jordan Nolan is back on ice.
8:17 of 3rd period - Snap shot by Jordan Eberle.
8:17 of 3rd period - Goal by Jordan Eberle - Kings : 2 - Avalanche : 3.
8:18 of 3rd period - Mike Comrie wins face-off versus Anze Kopitar in neutral zone.
8:20 of 3rd period - Johnny Boychuk is hit by Anze Kopitar and loses puck.
8:25 of 3rd period - Snap shot by Alexander Radulov.
8:25 of 3rd period - Deflect By Mike Comrie.
8:25 of 3rd period - Stopped by Jonathan Quick without a rebound.
8:26 of 3rd period - Anze Kopitar wins face-off versus Mike Comrie in Kings zone.
8:26 of 3rd period - Anze Kopitar is hit by Mikkel Boedker.
8:32 of 3rd period - Mike Comrie is hit by Oliver Ekman-Larsson and loses puck.
8:45 of 3rd period - Minor Penalty to Mike Comrie for Hooking.
8:46 of 3rd period - Alexander Radulov wins face-off versus Johnny Gaudreau in Avalanche zone.
9:11 of 3rd period - Ryan Whitney is hit by Jack Johnson and loses puck.
9:40 of 3rd period - Oliver Ekman-Larsson is hit by Shane O'Brien.
10:45 of 3rd period - Penalty to Mike Comrie is over, Mike Comrie is back on ice.
11:03 of 3rd period - Snap shot by Mike Comrie.
11:03 of 3rd period - Stopped by Jonathan Quick without a rebound.
11:04 of 3rd period - Mike Comrie wins face-off versus Brandon Bollig in Kings zone.
11:08 of 3rd period - Minor Penalty to Brandon Bollig for Tripping.
11:09 of 3rd period - Bryan Little wins face-off versus Drew Miller in Kings zone.
12:00 of 3rd period - Danny Richmond is hit by Bryan Little and loses puck.
12:24 of 3rd period - Snap shot by Andrew Cogliano.
12:24 of 3rd period - Shot Blocked by Mikkel Boedker.
13:08 of 3rd period - Penalty to Brandon Bollig is over, Brandon Bollig is back on ice.
13:18 of 3rd period - Icing by Oliver Ekman-Larsson.
13:19 of 3rd period - David Krejci wins face-off versus Ladislav Nagy in Kings zone.
13:51 of 3rd period - Slapshot by Ryan Whitney.
13:51 of 3rd period - Shot Blocked by Johnny Boychuk.
14:17 of 3rd period - Bryan Little is hit by Drew Doughty and loses puck.
14:38 of 3rd period - Lubomir Visnovsky is hit by Chuck Kobasew and loses puck.
14:45 of 3rd period - Ryan Smyth is hit by Ladislav Nagy and loses puck.
15:02 of 3rd period - Jay Bouwmeester is hit by Johnny Gaudreau and loses puck.
15:28 of 3rd period - Andrew Ladd is hit by Andrew Cogliano and loses puck.
15:43 of 3rd period - Danny Richmond is hit by Andrei Kostitsyn and loses puck.
16:11 of 3rd period - Daniel Cleary is hit by Chuck Kobasew and loses puck.
16:24 of 3rd period - Shane O'Brien is hit by Jordan Eberle and loses puck.
17:14 of 3rd period - Off-side.
17:15 of 3rd period - Bryan Little wins face-off versus Tim Connolly in neutral zone.
17:18 of 3rd period - Snap shot by Andrei Kostitsyn.
17:18 of 3rd period - Shot Misses the Net.
17:23 of 3rd period - Off-side.
17:24 of 3rd period - Bryan Little wins face-off versus Tim Connolly in neutral zone.
17:24 of 3rd period - Jack Johnson is hit by Danny Richmond and loses puck.
17:37 of 3rd period - Slapshot by Drew Doughty.
17:37 of 3rd period - Stopped by Semyon Varlamov with a rebound.
17:39 of 3rd period - Slapshot by Danny Richmond.
17:39 of 3rd period - Stopped by Semyon Varlamov without a rebound.
17:39 of 3rd period - Minor Penalty to Tim Connolly for Hooking.
17:40 of 3rd period - Drew Miller wins face-off versus Bryan Little in Kings zone.
17:50 of 3rd period - Off-side.
17:51 of 3rd period - Bryan Little wins face-off versus Drew Miller in neutral zone.
17:54 of 3rd period - Ryan O'Byrne is hit by Bryan Little and loses puck.
19:26 of 3rd period - Daniel Cleary is hit by Paul Stastny and loses puck.
19:39 of 3rd period - Penalty to Tim Connolly is over, Tim Connolly is back on ice.
19:49 of 3rd period - Wrist shot by Jay Bouwmeester.
19:49 of 3rd period - Stopped by Jonathan Quick with a rebound.
19:51 of 3rd period - Wrist shot by Andrew Ladd.
19:51 of 3rd period - Shot Misses the Net.
19:53 of 3rd period - Wrist shot by Chuck Kobasew.
19:53 of 3rd period - Deflect By Mike Comrie.
19:53 of 3rd period - Stopped by Jonathan Quick with a rebound.
Goals for this period are 1 for Kings vs 0 for Avalanche.
Shots for this period are 4 for Kings vs 11 for Avalanche.
Back to the Top